 Dungeon Crawl Stone Soup version 0.28.0 (webtiles) character file.

Game seed: 10540640194897688342

6162 danielguo94 the Basher (level 10, -2/61 HPs)
             Began as a Gargoyle Fighter on Feb 8, 2022.
             Was a Believer of the Shining One.
             Slain by a manticore (13 damage)
             ... on level 10 of the Dungeon.
             The game lasted 00:13:57 (11432 turns).

danielguo94 the Basher (Gargoyle Fighter)          Turns: 11432, Time: 00:13:57

Health: -2/61      AC: 25    Str: 28    XL:     10   Next: 90%
Magic:  13/13      EV: 13    Int:  9    God:    the Shining One [**....]
Gold:   236        SH:  5    Dex: 11    Spells: 9/9 levels left

rFire   . . .      SeeInvis .   a - +0 flail
rCold   . . .      Faith    .   c - +0 buckler
rNeg    + + .      Spirit   .   h - +0 chain mail
rPois   ∞          Reflect  .   z - +2 helmet
rElec   +          Harm     .   H - scarf {shadows}
rCorr   .          Rampage  .   y - +0 pair of gloves
Will    .....                   B - +1 pair of boots
Stlth   ..........              l - amulet of the acrobat
HPRegen 0.20/turn               b - +4 ring of evasion
MPRegen 0.13/turn               G - +6 ring of strength

@: spiked, glowing
A: sickness immunity, AC +7, negative energy resistance 1, electricity
resistance, torment resistance 1, petrification resistance
a: Renounce Religion, Divine Shield


You were on level 10 of the Dungeon.
You worshipped the Shining One.
The Shining One was pleased with you.
You visited 2 branches of the dungeon, and saw 11 of its levels.
You also visited: Ossuary and Bailey.

You collected 521 gold pieces.
You spent 285 gold pieces at shops.

Inventory:

Hand Weapons
 a - a +0 flail (weapon)
Missiles
 e - 11 poisoned darts
 g - 253 stones
 j - 8 boomerangs
 q - 2 curare-tipped darts (quivered)
Armour
 c - a +0 buckler (worn)
 h - a +0 chain mail (worn)
 y - a +0 pair of gloves (worn)
 z - a +2 helmet (worn)
 B - a +1 pair of boots (worn)
 H - a scarf of shadows (worn)
Jewellery
 b - a +4 ring of evasion (left hand)
 f - a ring of willpower
 k - a ring of fire
 l - an amulet of the acrobat (around neck)
 G - a +6 ring of strength (right hand)
Wands
 I - a wand of mindburst (8)
Scrolls
 m - a scroll of fear
 o - 2 scrolls of magic mapping
 r - 2 scrolls of teleportation
 v - a scroll of vulnerability {unknown}
 x - a scroll of fog
 A - a scroll of immolation {unknown}
 E - a scroll of amnesia {unknown}
 F - 2 scrolls of enchant weapon
Potions
 d - 2 potions of might
 i - 3 potions of curing
 n - 5 potions of brilliance
 p - a potion of resistance
 s - 2 potions of heal wounds
 t - 4 potions of flight
 u - a potion of lignification
 C - a potion of magic {unknown}
 D - a potion of experience {unknown}


   Skills:
 + Level 6.5 Fighting
 * Level 12.0 Maces & Flails
 + Level 7.8 Armour
 + Level 2.0 Dodging
 + Level 5.6 Shields
 * Level 5.1 Invocations
 + Level 0.9 Evocations


You had 9 spell levels left.
You didn't know any spells.
Your spell library contained the following spells:

 Spells                   Type           Power      Damage    Failure   Level
 Animate Skeleton         Necr           0%         N/A       94%         1
 Pain                     Necr           0%         1d4       94%         1
 Tukima's Dance           Hex            0%         N/A       100%        3
 Passage of Golubria      Tloc           0%         N/A       100%        4
 Yara's Violent Unravell  Hex/Tmut       0%         3d3       100%        5


Dungeon Overview and Level Annotations

Branches:
Dungeon (10/15)            Temple (1/1) D:5         Ossuary (visited)
 Bailey (visited)
   Lair: D:8-11         Orc: D:9-12

Altars:
Ashenzari
Cheibriados
Dithmenos
Elyvilon
Fedhas
Gozag
Hepliaklqana
Makhleb
Nemelex Xobeh
Okawaru
Qazlal
Ru
Sif Muna
Trog
Uskayaw
Vehumet
Xom
Yredelemnul
The Shining One

Shops:
D:6 [=*   D:9 **


Innate Abilities, Weirdness & Mutations

You are immune to sickness and miasma.
Your stone body is resilient. (AC +7)
You are immune to poison.
You resist negative energy. (rN+)
You are resistant to electric shocks. (rElec)
You are resistant to unholy torment.
You are immune to petrification.


Message History

The manticore bites the plant!
The plant begins to die.
The manticore claws the plant! x2
There is a stone staircase leading up here.
You block the scorpion's attack.
You barely miss the scorpion. The scorpion closely misses you.
You barely miss the scorpion. The scorpion misses you.
You sock the scorpion!
The scorpion is severely wounded.
A nearby plant withers and dies.
You block the scorpion's attack.
You barely miss the scorpion.
The scorpion is severely wounded.
The scorpion stings you but does no damage.
A wyvern comes into view.
The wyvern hisses angrily.
You thump the scorpion!
You kill the scorpion!
You hear a shout!
The manticore flicks its tail.
The volley of spikes hits you!!
The barbed spikes become lodged in your body.
The manticore flicks its tail.
The volley of spikes hits you!
The barbed spikes become lodged in your body.
The manticore flicks its tail.
The volley of spikes misses you.
You are too injured to fight recklessly!
You are too injured to fight recklessly!
You are too injured to fight recklessly!
You are too injured to fight recklessly!
You hit the manticore.
The manticore is lightly wounded.
A kobold comes into view. It is wielding a +0 long sword.
The manticore bites you!
* * * LOW HITPOINT WARNING * * *
The manticore claws you but does no damage. x2
You hit the manticore.
The manticore is moderately wounded.
A yak comes into view.
The manticore bites you!
You die...

###.###.# ##
.......... ...
.........##.###
.....(........P
...........P...
..............
#....##..PYP
#....Hl.P.P.
#...@##.....
.....#.....P..
.........#.P.P.
.......... P..P
.####....#. P..
#.#.##.. .
#.#.# ##


You could see a manticore, a yak (wandering) and a wyvern.

Vanquished Creatures
  A centaur warrior (D:8)
  A two-headed ogre (D:9)
  Maggie (D:9)
  A kobold demonologist (D:9)
  A hornet (D:8)
  Grum (D:9)
  Duvessa (D:7)
  An orc warrior (D:8)
  3 ice beasts
  3 necrophages
  3 sky beasts
  2 centaurs
  5 ogres
  A phantom (D:6)
  2 wolves (D:8)
  2 kobold brigands
  2 gnoll sergeants
  4 scorpions
  2 bullfrogs
  2 water moccasin skeletons (D:5)
  Dowan (D:7)
  4 killer bees (D:7)
  4 howler monkeys (D:8)
  3 centaur zombies
  3 bullfrog skeletons
  A jelly (D:5)
  4 orc priests
  2 hounds
  3 human zombies (Ossuary)
  Jessica (D:3)
  An iguana (D:4)
  A scorpion zombie (D:5)
  4 orc wizards
  3 hound zombies
  A hound skeleton (D:4)
  A howler monkey zombie (D:7)
  3 mummies (Ossuary)
  17 gnolls
  8 adders
  3 howler monkey skeletons
  3 shadow imps (D:7)
  2 white imps
  An ufetubus (D:6)
  An adder skeleton (D:5)
  3 adder zombies (Ossuary)
  4 worms
  3 dart slugs
  22 orcs
  3 bats
  4 endoplasms
  A giant cockroach (D:3)
  2 gnoll zombies (Ossuary)
  11 goblins
  6 hobgoblins
  6 jackals
  5 quokkas
  6 ball pythons
  3 frilled lizards
  A goblin zombie (Ossuary)
  A hobgoblin zombie (Ossuary)
  6 jackal zombies (Ossuary)
  9 kobolds
  6 kobold zombies (Ossuary)
  2 orc zombies (Ossuary)
  3 quokka zombies (Ossuary)
  7 rats
  5 rat zombies (Ossuary)
  A bush (D:1)
234 creatures vanquished.

Vanquished Creatures (others)
  8 fungi (D:10)
  13 plants
21 creatures vanquished.

Grand Total: 255 creatures vanquished

Notes
Turn   | Place    | Note
-------+----------+-------------------------------------------
     0 | D:1      | danielguo94 the Gargoyle Fighter began the quest for the
                  | Orb.
     0 | D:1      | Reached XP level 1. HP: 14/14 MP: 1/1
    77 | D:1      | Noticed a floating eye
    78 | D:1      | Found a faded altar of an unknown god.
   124 | D:1      | Noticed a floating eye
   131 | D:1      | Noticed an eye of devastation
   135 | D:1      | Noticed a shining eye
   401 | D:1      | Reached XP level 2. HP: 19/19 MP: 2/2
   793 | D:1      | Reached XP level 3. HP: 24/24 MP: 3/3
  1365 | D:2      | Found an iron altar of Okawaru.
  1598 | D:2      | Reached XP level 4. HP: 26/29 MP: 4/4
  1614 | D:2      | Reached skill level 3 in Maces & Flails
  2208 | D:3      | Noticed Jessica
  2208 | D:3      | Noticed a necrophage
  2279 | D:2      | Killed a necrophage
  2280 | D:2      | Reached skill level 4 in Maces & Flails
  2280 | D:2      | Reached XP level 5. HP: 28/33 MP: 5/5
  2329 | D:3      | Killed Jessica
  2645 | D:3      | Got Jessica's Incunabulum of Black Secrets
  2926 | D:4      | Reached XP level 6. HP: 36/38 MP: 6/6
  2969 | D:4      | Noticed a necrophage
  2983 | D:4      | Killed a necrophage
  2984 | D:4      | Reached skill level 5 in Maces & Flails
  3576 | D:4      | Reached XP level 7. HP: 36/43 MP: 7/7
  4546 | D:5      | Entered Level 5 of the Dungeon
  4606 | D:4      | Reached skill level 6 in Maces & Flails
  4762 | D:5      | Reached skill level 5 in Armour
  4796 | D:5      | Found a sand-covered staircase.
  4896 | Ossuary  | Entered an ossuary
  5184 | Ossuary  | Reached skill level 1 in Dodging
  5184 | Ossuary  | Reached XP level 8. HP: 30/48 MP: 8/8
  5316 | Ossuary  | Reached skill level 7 in Maces & Flails
  6037 | D:5      | Reached skill level 8 in Maces & Flails
  6243 | D:5      | Found a staircase to the Ecumenical Temple.
  6275 | Temple   | Entered the Ecumenical Temple
  6403 | Temple   | Became a worshipper of the Shining One
  6684 | D:6      | Found Moetyuly's General Store.
  6684 | D:6      | Found Xushri Fada's Jewellery Shoppe.
  6696 | D:6      | Bought a scroll of teleportation for 30 gold pieces
  6696 | D:6      | Bought a scroll of magic mapping for 35 gold pieces
  6696 | D:6      | Bought a scroll of fog for 20 gold pieces
  6704 | D:6      | Found Hulugamm's Armour Emporium.
  6714 | D:6      | Bought a +0 pair of gloves for 67 gold pieces
  7025 | D:6      | Reached skill level 1 in Invocations
  7172 | D:6      | Reached skill level 5 in Fighting
  7172 | D:6      | Reached XP level 9. HP: 52/54 MP: 8/10
  7221 | D:6      | Reached skill level 9 in Maces & Flails
  7744 | D:7      | Reached * piety under the Shining One
  7785 | D:7      | Found a flagged portal.
  7884 | Bailey   | Entered a bailey
  8266 | D:7      | Noticed Dowan
  8267 | D:7      | Noticed Duvessa
  8292 | D:7      | Killed Duvessa
  8301 | D:7      | Killed Dowan
  8405 | D:7      | Reached skill level 10 in Maces & Flails
  8405 | D:7      | Reached skill level 5 in Shields
  9026 | D:8      | Noticed a hornet
  9040 | D:8      | Killed a hornet
  9041 | D:8      | Reached XP level 10. HP: 39/60 MP: 12/12
  9202 | D:8      | Noticed a centaur warrior
  9223 | D:8      | Killed a centaur warrior
  9224 | D:8      | Reached skill level 11 in Maces & Flails
 10107 | D:9      | Noticed Grum
 10267 | D:9      | Killed Grum
 10331 | D:9      | Found Nulaxeoh's General Store.
 10333 | D:9      | Found Nojoudo's Specific Store.
 10342 | D:9      | Bought a scroll of enchant weapon for 105 gold pieces
 10342 | D:9      | Bought a scroll of identify for 28 gold pieces
 10372 | D:9      | Reached ** piety under the Shining One
 10376 | D:9      | Noticed a kobold demonologist
 10378 | D:9      | Noticed Maggie
 10399 | D:9      | Killed a kobold demonologist
 10669 | D:9      | Noticed a two-headed ogre
 10686 | D:9      | Killed a two-headed ogre
 11256 | D:9      | Identified the +9 spear "Ronkiedd" {antimagic, rF+ Dex+5}
 11271 | D:9      | Killed Maggie
 11272 | D:9      | Reached skill level 12 in Maces & Flails
 11272 | D:9      | Reached skill level 5 in Invocations
 11416 | D:10     | Entered Level 10 of the Dungeon
 11416 | D:10     | Noticed a manticore
 11432 | D:10     | Slain by a manticore

Illustrated notes

Levels and vault maps discovered:
D:1:      scummos_arrival_forest, layout_loops_corners,
          hellmonk_ecumenical_altar_watching_god, serial_forest,
          infiniplex_forest_clump_tiny, infiniplex_forest_3_way,
          infiniplex_forest_lined_3_way, infiniplex_forest_clump_long,
          infiniplex_forest_end_1, infiniplex_forest_join,
          infiniplex_forest_lined_2, minmay_tetromino_i4
D:2:      layout_loops_cross, basic_altar
D:3:      layout_loops_ring, kennysheep_jessica_study, uniq_jessica
D:4:      layout_layer_cave, serial_undead, serial_undead_d, serial_undead_c,
          serial_undead_c, serial_undead_e, kennysheep_generic_room_10
D:5:      layout_basic, minmay_temple_entry_ruins, enter_ossuary_2
D:6:      layout_basic, serial_shops, nicolae_square_shop,
          nicolae_stop_n_shop_1, nicolae_shop_trees
D:7:      layout_basic, enter_bailey_5, uniq_duvessa
D:8:      layout_cave_pods
D:9:      layout_long_grid, nicolae_specific_store, small_chamber_with_monster,
          uniq_maggie, uniq_grum
D:10:     layout_loops_ring, lemuel_doored_altar, due_lair_maze_entry_diamond,
          special_room [special_room_kobold], minmay_door_square,
          minmay_misc_feat_hallway, uniq_erica, uniq_sonja
Temple:   mainiacjoe_temple_archimedes_tessellation

Skill      XL: |  1  2  3  4  5  6  7  8  9 10 |
---------------+-------------------------------+-----
Maces & Flails | 4 5 6 8 10 12 | 12.0
Armour         | 4 5 6 7 |  7.8
Fighting       | 4 5 6 |  6.5
Shields        | 4 5 |  5.6
Dodging        | 1 2 |  2.0
Invocations    | 1 3 5 |  5.1
Evocations     | |  0.9

Action                   |  1- 3 |  4- 6 |  7- 9 | 10-12 || total
-------------------------+-------+-------+-------+-------++-------
Melee: Flail             |   189 |   134 |   570 |   141 ||  1034
Throw: Stone             |       |       |     2 |       ||     2
       Dart              |       |       |       |     1 ||     1
Evoke: Wand              |       |       |     9 |     3 ||    12
  Use: Scroll            |       |     4 |     1 |     4 ||     9
       Potion            |       |       |     1 |       ||     1
Armor: Scale mail        |    21 |       |       |       ||    21
       Chain mail        |    53 |    89 |   352 |   122 ||   616
Dodge: Dodged            |    58 |    57 |   262 |    85 ||   462
Block: Buckler           |    33 |    31 |   140 |    48 ||   252
